 Dungeon Crawl Stone Soup version 0.19-a0-1325-g09c5d0a (webtiles) character file.

89 TheGoonsmith the Caller (level 4, -1/24 HPs)
             Began as a Deep Elf Summoner on Aug 31, 2016.
             Was an Initiate of Sif Muna.
             Slain by an orc warrior
             ... wielding a +0 mace
              (9 damage)
             ... on level 4 of the Dungeon.
             The game lasted 00:08:10 (3818 turns).

TheGoonsmith the Caller (Deep Elf Summoner)         Turns: 3818, Time: 00:08:10

Health: -1/24      AC:  3    Str:  5    XL:     4   Next: 31%
Magic:  1/12       EV: 13    Int: 20    God:    Sif Muna [......]
Gold:   128        SH:  0    Dex: 16    Spells: 4 memorised, 1 level left

rFire  . . .     SeeInvis .     t - +2 whip (elec)
rCold  . . .     Gourm    .     a - +0 robe
rNeg   . . .     Faith    .     (no shield)
rPois  .         Spirit   .     u - +0 helmet
rElec  .         Dismiss  .     (no cloak)
rCorr  .         Reflect  .     (no gloves)
MR     +....     Harm     .     (no boots)
Stlth  ++........               e - amulet of regeneration
                                (no ring)
                                o - ring of protection from magic

@: no status effects
A: no striking features
a: Renounce Religion


You were on level 4 of the Dungeon.
You worshipped Sif Muna.
Sif Muna was noncommittal.
You were not hungry.

You visited 1 branch of the dungeon, and saw 4 of its levels.

You collected 128 gold pieces.

Inventory:

Hand Weapons
 d - a +0 club
 q - a +1 dagger of speed
 t - a +2 whip of electrocution (weapon)
Armour
 a - a +0 robe (worn)
 j - a +0 buckler
 u - a +0 helmet (worn)
Jewellery
 e - an amulet of regeneration (around neck)
 g - an uncursed ring of protection from cold {unknown}
 o - a ring of protection from magic (left hand)
Wands
 v - a wand of paralysis (3/24)
Scrolls
 f - a scroll of noise
 n - a scroll of magic mapping
Potions
 i - a potion of curing
 m - a potion of ambrosia
 p - a potion of resistance {unknown}
Books
 b - a book of Callings

   Spells                             Type                      Level
   a - Summon Small Mammal            Summoning                    1
   b - Call Imp                       Summoning                    2
   c - Call Canine Familiar           Summoning                    3
   d - Summon Guardian Golem          Hexes/Summoning              3
   e - Summon Lightning Spire         Summoning/Air                4
   f - Summon Ice Beast               Ice/Summoning                4
 s - Sif Muna's Guide on the Entourage
   (You found it on level 3 of the Dungeon)

   Spells                             Type                      Level
   a - Summon Small Mammal            Summoning                    1
Comestibles
 c - 2 bread rations
 k - a beef jerky
 r - a meat ration


   Skills:
 - Level 2.4 Dodging
 - Level 2.4 Stealth
 + Level 4.4 Spellcasting
 + Level 5.6 Summonings
 + Level 0.7 Ice Magic


You had one spell level left.
You knew the following spells:

 Your Spells              Type           Power        Failure   Level  Hunger
a - Summon Small Mammal   Summ           ####         1%          1    None
b - Call Imp              Summ           ####....     1%          2    #......
c - Call Canine Familiar  Summ           ####....     4%          3    ###....
d - Summon Ice Beast      Ice/Summ       ###.....     38%         4    ####...


Dungeon Overview and Level Annotations

Branches:
Dungeon (4/15)
 Temple: D:4-7

Altars:
Cheibriados
Gozag
Kikubaaqudgha
Sif Muna
Trog
Vehumet

Annotations:
D:4 Ellandar's ghost, novice MiFi


Message History

As you read the scroll of identify, it crumbles to dust.
m - a potion of ambrosia An orc comes into view.
Evoke which item? (* to show all) (? for menu, Esc to quit)
Zapping:
v - a wand of paralysis {zapped: 1} (will waste charges)
Press: ? - help, Shift-Dir - straight line, f - Ellandar's ghost
Aim: Ellandar's ghost (chance to defeat MR: 24%) Ellandar's ghost resists with almost no effort.
Evoking this partially-identified wand wasted a few charges.
Ellandar's ghost barely misses you.
Evoke which item? (* to show all) (? for menu, Esc to quit)
Zapping:
v - a wand of paralysis {zapped: 4} (will waste charges)
Press: ? - help, Shift-Dir - straight line, f/p - Ellandar's ghost
Aim: Ellandar's ghost (chance to defeat MR: 24%) Ellandar's ghost resists with almost no effort.
Evoking this partially-identified wand wasted a few charges.
Ellandar's ghost hits you!
Ouch! That really hurt!
The orc warrior hits you with a mace!
You die...

#.# *,,,,,,,,,,,,,
#W# *,,***********
#.# *,,* *
#5######## *,,* *
#.5..W.5%# *,,* *
########.# *,,* *
#5# *,,* * #W#
*,,* *
#@#**,,***********
#hoo.....,,,,,,,,,
#########********,
*, **


You could see an orc warrior, Ellandar's ghost, an orc, a friendly hound and 2
friendly crimson imps.

Vanquished Creatures
  An adder (D:3)
  2 giant geckos
  2 orcs (D:3)
  3 bats
  A goblin (D:3)
  A giant newt (D:2)
  4 kobolds
  6 rats
20 creatures vanquished.

Vanquished Creatures (collateral kills)
  A centaur skeleton (D:4)
  Robin (D:3)
  2 adders
  7 orcs
  A ball python (D:2)
  4 giant cockroaches
  8 goblins
  4 hobgoblins
  2 jackals (D:1)
  4 kobolds
  3 bats
  A rat (D:2)
38 creatures vanquished.

Grand Total: 58 creatures vanquished

Notes
Turn   | Place    | Note
-------+----------+-------------------------------------------
     0 | D:1      | TheGoonsmith the Deep Elf Summoner began the quest for the Orb.
     0 | D:1      | Reached XP level 1. HP: 10/10 MP: 6/6
   915 | D:1      | Reached XP level 2. HP: 15/15 MP: 5/8
   958 | D:1      | Learned a level 2 spell: Call Imp
  1124 | D:2      | Found an opulent altar of Gozag.
  1272 | D:2      | Found a bloodstained altar of Trog.
  2275 | D:3      | Found a snail-covered altar of Cheibriados.
  2340 | D:3      | Reached skill level 5 in Summonings
  2367 | D:3      | Reached XP level 3. HP: 8/19 MP: 1/10
  2758 | D:3      | Found an ancient bone altar of Kikubaaqudgha.
  2762 | D:3      | Found a deep blue altar of Sif Muna.
  2766 | D:3      | Found a radiant altar of Vehumet.
  2773 | D:3      | Identified Sif Muna's Guide on the Entourage
  2776 | D:3      | Became a worshipper of Sif Muna the Loreminder
  2835 | D:3      | Noticed Robin
  2864 | D:3      | Killed Robin
  3065 | D:3      | Paralysed by an orc for 2 turns
  3313 | D:3      | Reached XP level 4. HP: 12/24 MP: 9/12
  3488 | D:3      | Learned a level 3 spell: Call Canine Familiar
  3493 | D:3      | Learned a level 4 spell: Summon Ice Beast
  3776 | D:4      | Noticed Ellandar's ghost (novice MiFi)
  3816 | D:4      | Noticed an orc warrior
  3818 | D:4      | Slain by an orc warrior

Vault maps used:
D:1:      minmay_arrival_checkered_box, minmay_misc_feat_more_columns,
          minmay_misc_feat_four_crosses
D:2:      lemuel_round_altar, grunt_gozag_breadcrumbs, serial_bayou,
          serial_bayou_pond_e, serial_bayou_pond_a, serial_bayou_crossing,
          serial_bayou_pond_d
D:3:      grunt_temple_overflow_magic_moments, cheibriados_altar_1, uniq_robin
D:4:      first_bread

Skill      XL: |  1  2  3 |
---------------+----------+-----
Summonings     | 5 |  5.6
Spellcasting   | 4 |  4.4
Dodging        | |  2.4
Stealth        | |  2.4
Ice Magic      | |  0.7

Action                   |  1- 3 |  4- 6 || total
-------------------------+-------+-------++-------
Melee: Club              |    53 |       ||    53
       Dagger            |    14 |       ||    14
       Whip              |    11 |     4 ||    15
 Cast: Summon Small Mamm |    52 |     2 ||    54
       Call Imp          |    23 |     4 ||    27
       Call Canine Famil |       |     3 ||     3
Evoke: Wand              |       |     2 ||     2
  Use: Scroll            |       |     6 ||     6
       Potion            |       |     1 ||     1
 Stab: Sleeping          |     4 |     1 ||     5
  Eat: Chunk             |     8 |       ||     8
       Beef jerky        |       |     1 ||     1
Armor: Robe              |    18 |     2 ||    20
Dodge: Dodged            |    90 |     4 ||    94
